 Dungeon Crawl Stone Soup version 0.25-a0-200-g5ba96148f3 (webtiles) character file.

Game seed: 3979754916497912287, levelgen mode: deterministic

117 floatRand the Sneak (level 4, -3/39 HPs)
             Began as a Demigod Assassin on Dec 1, 2019.
             Slain by a worker ant (4 damage)
             ... on level 2 of the Dungeon.
             The game lasted 00:02:26 (2465 turns).

floatRand the Sneak (Demigod Assassin)              Turns: 2465, Time: 00:02:30

Health: -3/39      AC:  5    Str: 12 (14) XL:     4   Next: 44%
Magic:  6/6        EV: 12    Int: 14 (15) God:
Gold:   95         SH:  4    Dex: 16 (19) Spells: 3/3 levels left

rFire    . . .     SeeInvis .   a - +2 dagger
rCold    . . .     Gourm    .   q - +0 buckler
rNeg     . . .     Faith    .   b - +0 robe
rPois    .         Spirit   .   (no helmet)
rElec    .         Reflect  .   c - +0 cloak
rCorr    .         Harm     .   (no gloves)
MR       .....                  (no boots)
Stlth    +++.......             (no amulet)
HPRegen  0.13/turn              (no ring)
MPRegen  0.10/turn              (no ring)

@: lethally poisoned (-3 -> -18)
A: molten scales 1, high mp 1, mutation resistance 1, robust 1
a: no special abilities


You were on level 2 of the Dungeon.
You were not hungry.

You visited 1 branch of the dungeon, and saw 3 of its levels.

You collected 95 gold pieces.

Inventory:

Hand Weapons
 a - a +2 dagger (weapon)
Missiles
 d - 8 poisoned darts (quivered)
 e - 9 curare-tipped darts
Armour
 b - a +0 robe (worn)
 c - a +0 cloak (worn)
 q - a +0 buckler (worn)
Scrolls
 g - a scroll of identify {unknown}
 j - a scroll of amnesia {unknown}
 m - 2 scrolls of remove curse {unknown}
 n - a scroll of fear {unknown}
 o - a scroll of enchant weapon {unknown}
Potions
 k - a potion of agility {unknown}
 p - a potion of lignification {unknown}
 r - a potion of cancellation {unknown}
Comestibles
 f - 11 rations
 i - a chunk of flesh


   Skills:
 - Level 1.7 Fighting
 + Level 2.9 Short Blades
 - Level 1.7 Throwing
 + Level 2.4 Dodging
 + Level 4.4 Stealth
 + Level 0.3 Shields


You had 3 spell levels left.
You didn't know any spells.
Your spell library was empty.

Dungeon Overview and Level Annotations

Branches:
Dungeon (3/15)


Innate Abilities, Weirdness & Mutations

You have an increased reservoir of magic. (+10% MP)
You are partially covered in molten scales. (AC +2)
You are somewhat resistant to further mutation.
You are robust. (+10% HP)


Message History

You hit the worker ant.
The worker ant is heavily wounded.
* * * LOW HITPOINT WARNING * * *
You feel sick. The worker ant bites you!
* * * LOW HITPOINT WARNING * * *
You are more poisoned.
The worker ant poisons you!
It was a potion of degeneration.
There was something very wrong with that liquid.
You feel weakened.
You feel dopey.
You feel clumsy.
* * * LOW HITPOINT WARNING * * *
You feel sick. The worker ant bites you.
* * * LOW HITPOINT WARNING * * *
It was a potion of mutation.
You feel extremely strange.
You feel robust.
Molten scales grow over part of your body.
You feel genetically stable.
* * * LOW HITPOINT WARNING * * *
You feel sick. The worker ant bites you.
You die...

####.#.###...# #.#.#
....>...##.######.#.#
####.#...(.....##.#.#
..##.#............#.#
[....#####.###.####.#
###..# #.# #.# #.# #
#..# #.# #.# #.#
###.######.###.####.#
...............a@.#.#
#.##.####.####.##.#.#
#.##.# #.#
##.#....#######
..##.# #.#
#.............#
####.# #.#
#.#..#######..# ##.##
#.# #.#..# #..#
###...###.###.#..#
#..#
...###.......)#..#
#####..# ..##
##..#.#..#..#
#.....<#


You could see a worker ant.

Vanquished Creatures
  5 adders
  3 oozes
  2 leopard geckos (D:2)
  An orc (D:3)
  2 ball pythons
  2 giant cockroaches
  7 hobgoblins
  10 jackals
  2 bats
  4 frilled lizards
  6 goblins
  5 kobolds
  8 rats
57 creatures vanquished.

Notes
Turn   | Place    | Note
-------+----------+-------------------------------------------
     0 | D:1      | floatRand the Demigod Assassin began the quest for the Orb.
     0 | D:1      | Reached XP level 1. HP: 17/17 MP: 3/3
    91 | D:1      | Reached skill level 1 in Dodging
   279 | D:1      | Reached XP level 2. HP: 23/24 MP: 4/4
   837 | D:2      | Reached skill level 4 in Stealth
   996 | D:2      | Reached XP level 3. HP: 27/29 MP: 5/5
  2174 | D:3      | Reached XP level 4. HP: 36/36 MP: 6/6
  2465 | D:2      | Gained mutation: You are robust. (+10% HP) [potion of
                  | mutation]
  2465 | D:2      | Gained mutation: You are partially covered in molten
                  | scales. (AC +2) [potion of mutation]
  2465 | D:2      | Gained mutation: You are somewhat resistant to further
                  | mutation. [potion of mutation]
  2465 | D:2      | HP: 1/39 [poisoned by a worker ant]
  2465 | D:2      | Slain by a worker ant

Levels and vault maps discovered:
D:1:      eino_arrival_druids_welcome, layout_basic,
          chequers_serial_rivers_small_a, nrook_mini_backslash
D:2:      layout_loops_ring, first_ration
D:3:      layout_rooms, hangedman_decor_growths

Skill      XL: |  1  2  3 |
---------------+----------+-----
Dodging        | 1 2 |  2.4
Short Blades   | 2 |  2.9
Stealth        | 4 |  4.4
Fighting       | |  1.7
Throwing       | |  1.7
Shields        | |  0.3

Action                   |  1- 3 |  4- 6 || total
-------------------------+-------+-------++-------
Melee: Dagger            |   167 |    43 ||   210
  Use: Potion            |       |     2 ||     2
 Stab: Sleeping          |    10 |     1 ||    11
       Distracted        |     1 |     2 ||     3
  Eat: Chunk             |     4 |     1 ||     5
Armor: Robe              |    35 |    16 ||    51
Dodge: Dodged            |    90 |    44 ||   134
Block: Buckler           |       |    14 ||    14

Table legend:
 A = Non-vault XP
 B = Vault XP
 C = Vault XP percentage of total XP
 D = Non-vault monster count
 E = Vault monster count
 F = Vault count percentage of total count
                 A         B        C        D         E       F
            +---------+---------+-------+---------+---------+-------
      Total |     168 |       0 |   0.0 |      57 |       0 |   0.0
            +---------+---------+-------+---------+---------+-------
        D:1 |      21 |       0 |   0.0 |      16 |       0 |   0.0
        D:2 |      94 |       0 |   0.0 |      28 |       0 |   0.0
        D:3 |      53 |       0 |   0.0 |      13 |       0 |   0.0
            +---------+---------+-------+---------+---------+-------
